Map: Dreamcatcher LE

Players

Nerchio - Winner!

  • Race: Zerg Zerg
  • Spawn Location: 5:00

Reynor

  • Race: Zerg Zerg
  • Spawn Location: 11:00

Event: WCS Valencia 2018

VOD

Have the link to the VOD?

Description

Time

  • Played on: July 12, 2018, 6:59 a.m.
  • Length: 15:38

All games in this series

Show
View Real Time Build Order
Export as new Build Order

Nerchio Zerg - Winner!

Build Orders: Hatch First, Lurkers 

Get SALT Encoding   

  12  0:00  Drone  
  13  0:12  Overlord  
  13  0:17  Drone  
  14  0:30  Drone x2  
  16  0:49  Hatchery  
  15  0:51  Drone  
  15  0:55  Drone  
  17  0:59  Drone  
  18  1:08  Extractor  
  17  1:14  Spawning Pool  
  17  1:17  Drone  
  17  1:20  Drone  
  18  1:28  Drone  
  19  2:01  Zergling x6, Queen  
  21  2:02  Zergling x2, Queen  
  27  2:13  Zergling x4  
  28  2:27  Drone  
  28  2:29  Drone  
  26  2:38  Metabolic Boost  
  26  2:42  Drone  
  27  2:47  Overlord  
  27  2:53  Overlord  
  27  3:08  Drone x5  
  27  3:10  Drone  
  27  3:12  Drone  
  34  3:16  Drone  
  34  3:19  Drone  
  36  3:22  Drone  
  36  3:23  Drone  
  38  3:27  Drone  
  38  3:28  Drone  
  40  3:41  Hatchery  
  38  3:51  Drone x6  
  38  3:54  Drone  
  43  3:57  Overlord  
  43  4:01  Drone  
  44  4:05  Drone, Evolution Chamber  
  44  4:07  Overlord, Extractor  
  44  4:09  Drone  
  44  4:16  Extractor, Drone  
  43  4:18  Drone  
  43  4:21  Roach Warren  
  43  4:26  Drone x2  
  43  4:27  Drone  
  43  4:31  Drone x2  
  48  4:36  Zerg Missile Weapons Level 1  
  48  4:40  Queen  
  48  4:44  Zergling x10  
  55  4:49  Lair  
  55  4:58  Zergling x6  
  58  5:01  Overlord  
  58  5:03  Drone x4  
  58  5:06  Drone  
  63  5:14  Overlord  
  63  5:19  Overlord  
  63  5:25  Overlord  
  62  5:34  Roach x8  
  78  5:38  Queen  
  80  5:46  Queen  
  80  5:49  Roach x4  
  90  5:54  Glial Reconstitution  
  90  5:56  Roach x2  
  90  5:58  Roach  
  90  6:02  Roach x2  
  95  6:05  Ravager  
  95  6:08  Roach  
  95  6:10  Zergling x6  
  92  6:12  Roach  
  92  6:14  Zergling x2  
  92  6:17  Roach  
  92  6:18  Roach  
  86  6:22  Roach  
  81  6:28  Roach  
  80  6:33  Roach  
  80  6:36  Queen  
  80  6:38  Roach  
  80  6:39  Queen  
  86  6:43  Roach  
  90  6:51  Hatchery  
  89  6:55  Roach  
  89  6:56  Overlord  
  89  7:00  Overlord  
  91  7:01  Evolution Chamber  
  91  7:04  Overlord  
  89  7:12  Zerg Missile Weapons Level 2  
  89  7:15  Roach x3  
  93  7:20  Roach x2  
  93  7:21  Roach  
  99  7:27  Roach x2  
  99  7:29  Extractor  
  102  7:31  Drone  
  102  7:32  Roach  
  102  7:37  Roach x2  
  109  7:39  Roach  
  109  7:43  Overlord  
  111  7:46  Overseer  
  111  7:49  Overlord  
  111  7:50  Overlord  
  111  8:01  Roach x4  
  111  8:02  Roach  
  121  8:11  Drone x4  
  125  8:13  Drone  
  125  8:16  Drone, Zerg Ground Armor Level 1  
  125  8:17  Drone  
  127  8:23  Drone  
  127  8:26  Extractor  
  126  8:27  Overseer  
  126  8:33  Roach x4  
  134  8:35  Roach  
  134  8:38  Roach  
  134  8:40  Overlord  
  139  8:41  Ravager  
  139  8:44  Roach  
  139  8:47  Overlord  
  141  8:49  Ravager  
  141  8:50  Overlord  
  142  9:00  Roach x5  
  150  9:03  Roach  
  150  9:04  Roach  
  150  9:09  Roach x2  
  152  9:13  Overlord x2  
  152  9:16  Ravager  
  153  9:18  Drone x3  
  153  9:21  Extractor  
  153  9:23  Drone x3  
  158  9:38  Hatchery  
  158  9:39  Ravager x2  
  158  9:40  Ravager x2  
  158  9:42  Drone x3  
  164  9:46  Hydralisk Den  
  164  9:50  Drone  
  164  9:51  Drone x2  
  166  10:00  Overlord  
  166  10:02  Roach x3  
  166  10:07  Roach x2, Ravager  
  176  10:10  Overlord  
  176  10:11  Hatchery  
  176  10:14  Overlord  
  176  10:17  Grooved Spines  
  176  10:23  Lurker Den  
  176  10:24  Roach  
  176  10:26  Overlord  
  177  10:31  Overlord x2  
  177  10:33  Roach x2  
  177  10:34  Roach  
  183  10:36  Roach  
  183  10:43  Roach x2  
  183  10:46  Roach x3  
  187  10:53  Drone x2  
  187  10:56  Hydralisk x3  
  185  10:59  Hydralisk  
  187  11:07  Ravager x2  
  187  11:09  Overlord  
  187  11:10  Hydralisk x2  
  188  11:21  Hydralisk x4  
  196  11:28  Muscular Augments  
  196  11:29  Hydralisk x2  
  200  11:39  Roach x2  
  199  11:46  Hydralisk  
  199  11:49  Hydralisk  
  199  11:54  Hydralisk  
  197  11:55  Hydralisk  
  197  11:59  Spore Crawler, Hydralisk x5  
  197  12:00  Hydralisk  
  200  12:03  Hydralisk  
  200  12:07  Hydralisk  
  198  12:12  Spore Crawler  
  198  12:13  Hydralisk x2  
  193  12:16  Hydralisk  
  183  12:23  Hydralisk  
  183  12:24  Hydralisk  
  183  12:26  Roach  
  183  12:27  Roach  
  183  12:29  Roach  
  193  12:31  Roach  
  193  12:36  Roach x2  
  199  12:45  Roach x3  
  199  12:46  Roach  
  199  12:47  Roach  
  199  12:49  Roach  
  199  12:50  Roach  
  189  12:53  Roach  
  187  12:59  Roach x2  
  187  13:00  Roach  
  187  13:04  Roach x2  
  197  13:06  Roach  
  197  13:08  Roach  
  197  13:11  Roach  
  186  13:15  Roach x2  
  164  13:21  Roach x3  
  164  13:23  Roach  
  169  13:28  Hydralisk  
  169  13:29  Hydralisk  
  169  13:32  Hydralisk  
  175  13:36  Roach  
  175  13:37  Roach  
  175  13:39  Lurker x2  
  181  13:42  Lurker  
  180  13:52  Hydralisk  
  182  13:57  Roach  
  182  13:58  Roach  
  182  14:00  Roach  
  182  14:02  Hatchery, Lurker  
  188  14:03  Lurker  
  188  14:04  Lurker  
  190  14:10  Roach x2  
  190  14:12  Overlord  
  190  14:15  Overlord  
  193  14:22  Overlord  
  193  14:33  Roach  
  193  14:34  Roach x3  
  199  14:42  Roach  
  199  14:43  Roach x2  
  199  14:45  Roach x2  
  199  14:52  Hydralisk x2  
  195  14:55  Hydralisk x2  
  199  15:00  Hydralisk  
  199  15:05  Hydralisk x4  
  190  15:07  Hydralisk  
  190  15:11  Ravager  
  190  15:12  Ravager x5  
  195  15:17  Roach x2  
Show
View Real Time Build Order
Export as new Build Order

Reynor Zerg 

Build Orders: Pool First 

Get SALT Encoding   

  12  0:18  Spawning Pool  
  11  0:21  Drone  
  11  0:27  Drone  
  13  0:31  Drone  
  14  0:40  Overlord  
  14  1:04  Zergling x4  
  14  1:05  Zergling x2  
  17  1:16  Zergling x2  
  18  1:20  Hatchery  
  17  1:26  Zergling x2  
  18  1:35  Queen  
  18  1:38  Zergling x2  
  21  1:49  Overlord  
  21  1:58  Drone  
  22  2:10  Drone  
  22  2:13  Queen  
  25  2:20  Drone  
  23  2:30  Drone  
  23  2:33  Queen  
  23  2:35  Drone  
  27  2:42  Extractor  
  27  2:43  Drone x2  
  28  2:44  Drone x2  
  30  2:51  Drone  
  30  2:54  Drone  
  30  2:55  Drone  
  33  3:05  Drone x2  
  32  3:15  Overlord, Drone x3  
  35  3:23  Evolution Chamber  
  35  3:26  Evolution Chamber  
  33  3:31  Roach Warren  
  33  3:33  Drone  
  33  3:36  Drone  
  33  3:38  Drone  
  33  3:39  Drone  
  36  3:42  Drone  
  37  3:48  Drone x2  
  37  3:59  Zerg Melee Weapons Level 1  
  37  4:00  Zergling x6  
  40  4:03  Queen  
  42  4:10  Overlord, Drone  
  42  4:11  Drone  
  44  4:19  Overlord  
  44  4:23  Metabolic Boost  
  44  4:29  Zergling x10  
  49  4:33  Zergling x4  
  49  4:35  Zergling x2  
  49  4:37  Zergling x6  
  55  4:39  Zergling x2  
  56  4:47  Zergling x2  
  58  4:52  Zergling x2  
  58  4:53  Zergling x2  
  58  4:57  Hatchery  
  58  5:00  Zergling x2  
  58  5:03  Zergling x2  
  58  5:04  Overlord x2  
  60  5:10  Lair  
  60  5:23  Zergling x10  
  67  5:28  Zergling x4  
  67  5:33  Zergling x6  
  70  5:39  Zergling x8  
  74  5:45  Hatchery  
  74  5:47  Zerg Missile Weapons Level 1, Extractor  
  74  5:49  Overlord  
  72  5:50  Drone  
  71  6:00  Drone  
  71  6:01  Extractor  
  70  6:04  Overlord  
  70  6:05  Drone x2  
  70  6:06  Drone x3  
  67  6:13  Drone  
  67  6:16  Drone  
  66  6:24  Drone  
  62  6:28  Roach  
  62  6:30  Roach x3  
  69  6:35  Roach  
  71  6:43  Glial Reconstitution  
  71  6:44  Drone  
  71  6:46  Roach  
  73  6:50  Overlord  
  73  6:57  Roach x2  
  73  6:59  Roach x2  
  73  7:00  Roach  
  83  7:03  Drone  
  83  7:08  Drone x2  
  86  7:10  Zergling x6  
  86  7:13  Drone  
  90  7:22  Overlord  
  90  7:23  Drone, Zerg Ground Armor Level 1  
  90  7:25  Drone  
  90  7:27  Roach  
  90  7:28  Extractor, Roach x2  
  97  7:31  Roach  
  97  7:33  Overlord  
  97  7:37  Roach  
  101  7:38  Roach  
  101  7:40  Drone x3  
  101  7:42  Roach  
  108  7:48  Roach  
  110  7:52  Overlord  
  110  7:56  Roach x2  
  110  7:57  Roach x2  
  118  8:01  Roach x2  
  118  8:05  Overlord  
  121  8:08  Overlord  
  121  8:12  Roach x3  
  129  8:13  Roach  
  128  8:23  Overlord  
  128  8:24  Roach x4  
  134  8:34  Zerg Missile Weapons Level 2  
  134  8:35  Drone x3  
  134  8:37  Extractor, Roach  
  138  8:43  Drone x2  
  138  8:45  Roach x2  
  138  8:46  Roach  
  146  8:50  Roach  
  148  8:56  Roach x2  
  150  9:09  Roach  
  150  9:10  Roach x5  
  150  9:13  Overlord  
  150  9:14  Overlord  
  154  9:20  Overlord  
  154  9:24  Overlord  
  154  9:29  Overlord  
  154  9:34  Roach x6  
  154  9:35  Ravager x3  
  169  9:38  Ravager  
  169  9:39  Drone x3  
  169  9:40  Extractor, Drone  
  169  9:42  Drone  
  169  9:44  Overseer  
  173  9:47  Roach  
  173  9:52  Drone  
  175  10:01  Spire, Drone  
  175  10:07  Hatchery  
  172  10:17  Roach x7  
  172  10:20  Overlord  
  186  10:24  Overlord, Unknown  
  186  10:25  Unknown x2  
  186  10:30  Overlord  
  186  10:32  Unknown x2  
  186  10:37  Overlord  
  186  10:40  Roach x2  
  186  10:41  Roach x2  
  193  10:49  Roach x6  
  198  10:56  Drone  
  198  10:57  Drone x3  
  196  11:01  Drone x3  
  192  11:21  Mutalisk  
  192  11:22  Mutalisk x6  
  197  11:48  Roach x2  
  197  11:49  Roach x2  
  197  11:50  Zerg Ground Armor Level 2  
  197  11:51  Roach x2  
  197  11:54  Roach  
  185  12:01  Roach  
  185  12:02  Roach x6  
  185  12:06  Roach x2  
  194  12:09  Queen  
  194  12:13  Roach  
  194  12:14  Roach  
  193  12:24  Ravager x2  
  193  12:29  Ravager x2  
  195  12:30  Roach  
  195  12:31  Roach  
  199  12:40  Unknown x2  
  195  12:46  Roach x2  
  195  12:50  Roach x2  
  191  13:01  Roach x4  
  182  13:07  Roach x3  
  159  13:18  Roach x3  
  136  13:27  Ravager x4  
  136  13:29  Roach  
  136  13:33  Drone x3  
  145  13:34  Drone  
  145  13:41  Roach x2  
  148  13:48  Roach x2  
  150  13:52  Roach  
  150  13:55  Ravager  
  153  13:57  Roach  
  153  14:01  Roach  
  153  14:02  Roach  
  159  14:06  Roach  
  161  14:13  Roach x2  
  165  14:18  Roach x2  
  165  14:20  Ravager  
  165  14:22  Roach  
  172  14:28  Roach  
  174  14:35  Overseer  
  171  14:41  Roach x2  
  171  14:43  Roach  
  145  14:50  Roach  
  134  14:55  Roach  
  126  15:01  Roach  
  126  15:07  Roach  
  123  15:09  Ravager  
  123  15:10  Ravager  
  123  15:14  Roach  
  123  15:17  Unknown  
  123  15:19  Unknown  
Tags
 
Add a new tag
Caveats
  • Supply blocks, unpowered buildings, or Contaminate may cause inaccurate times.
  • Supply counts are checked every 10 seconds.